 Dungeon Crawl Stone Soup version 0.23.0-2-g0fe3ce5 (webtiles) character file.

Game seed: 8906833696730294380

14 Torikoriko the Grave Robber (level 2, 0/19 HPs)
             Began as a Mummy Necromancer on Feb 19, 2019.
             Slain by a worm (3 damage)
             ... on level 1 of the Dungeon.
             The game lasted 00:02:23 (850 turns).

Torikoriko the Grave Robber (Mummy Necromancer)      Turns: 850, Time: 00:02:24

Health: 0/19       AC:  2    Str: 11    XL:     2   Next: 31%
Magic:  1/6        EV: 12    Int: 14    God:
Gold:   23         SH:  0    Dex: 12    Spells: 5/7 levels left

rFire    x . .     SeeInvis .   d - +0 whip
rCold    + . .     Gourm    .   (no shield)
rNeg     + + +     Faith    .   a - +0 robe
rPois    ∞         Spirit   .   (no helmet)
rElec    .         Reflect  .   (no cloak)
rCorr    .         Harm     .   (no gloves)
MR       .....                  (no boots)
Stlth    ++........             (no amulet)
HPRegen  0.06/turn              (no ring)
MPRegen  0.10/turn              (no ring)

@: no status effects
A: no food or potions, fire vulnerability, cold resistance 1, negative energy
resistance 3, torment resistance, unbreathing
a: no special abilities


You were on level 1 of the Dungeon.
You were not hungry.

You visited 1 branch of the dungeon, and saw 2 of its levels.

You collected 23 gold pieces.

Inventory:

Hand Weapons
 d - a +0 whip (weapon)
Armour
 a - a +0 robe (worn)
Scrolls
 b - a scroll of magic mapping {unknown}
 c - a scroll of noise {unknown}


   Skills:
 - Level 1.5 Dodging
 - Level 1.5 Stealth
 + Level 3.1 Spellcasting
 * Level 4.4 Necromancy


You had 5 spell levels left.
You knew the following spells:

 Your Spells              Type           Power        Failure   Level  Hunger
a - Pain                  Necr           ##..         3%          1    N/A
b - Animate Skeleton      Necr           N/A          3%          1    N/A

Your spell library contained the following spells:

 Spells                   Type           Power        Failure   Level  Hunger
 Vampiric Draining        Necr           ##........   11%         3    N/A
 Animate Dead             Necr           N/A          34%         4    N/A
 Regeneration             Chrm/Necr      Unusable     N/A         3    N/A

Dungeon Overview and Level Annotations

Branches:
Dungeon (2/15)

Altars:


Innate Abilities, Weirdness & Mutations

You do not eat or drink.
Your flesh is vulnerable to fire.
You are immune to poison.
Your flesh is cold resistant. (rC+)
You are immune to negative energy. (rN+++)
You are immune to unholy pain and torment.
You can survive without breathing.


Message History

You closely miss the hobgoblin. The hobgoblin barely misses you.
You closely miss the hobgoblin. The hobgoblin hits you with a +0 club.
You hit the hobgoblin.
The hobgoblin is almost dead.
The hobgoblin hits you with a +0 club.
* * * LOW HITPOINT WARNING * * *
Your magical contamination has completely faded away.
Casting: Pain (safe; 3% risk of failure)
Confirm with . or Enter, or press ? or * to list all spells.
Aiming: Pain (safe; 3% risk of failure)
Press: ? - help, Shift-Dir - straight line, f - hobgoblin
Aim: a hobgoblin, wielding a +0 club (almost dead, chance to defeat MR: 85%)
The hobgoblin writhes in agony.
You kill the hobgoblin!
You see here a +0 club.
There is a stone staircase leading up here.
You start resting.
A hobgoblin comes into view.
You climb upwards.
The worm bites you.
You die...

...#
#.............#.#
...#
#.............#.#
...#
#.............#.#
...#
#.............#.#
...#
#.............#.#
...#
#.............#.#
...#
#########..####.#
...# #..# #.#
#### #.@# #.#
###w# #.# #...#
#.# #.### #.# #.#
#.# #.# #.# #.#
#.# #.# #.#
#########.# #.#


You could see a worm.

Vanquished Creatures
  A leopard gecko (D:2)
  A goblin (D:1)
  2 hobgoblins
  A kobold (D:1)
  3 rats (D:1)
8 creatures vanquished.

Vanquished Creatures (collateral kills)
  An ooze (D:1)
  A giant cockroach (D:1)
2 creatures vanquished.

Grand Total: 10 creatures vanquished

Notes
Turn   | Place    | Note
-------+----------+-------------------------------------------
     0 | D:1      | Torikoriko the Mummy Necromancer began the quest for the
                  | Orb.
     0 | D:1      | Reached XP level 1. HP: 13/13 MP: 4/4
     6 | D:1      | Learned a level 1 spell: Animate Skeleton
   350 | D:1      | Reached XP level 2. HP: 19/19 MP: 6/6
   850 | D:1      | Slain by a worm

Skill      XL: |  1 |
---------------+----+-----
Spellcasting   | 3 |  3.1
Dodging        | |  1.5
Stealth        | |  1.5
Necromancy     | |  4.4

Action                   || total
-------------------------++-------
Melee: Whip              ||    10
 Cast: Pain              ||    21
       Animate Skeleton  ||     3
Armor: Robe              ||     3
Dodge: Dodged            ||     9
